 Dungeon Crawl Stone Soup version 0.28-a0-401-ge240ad9e29 (webtiles) character file.

Game seed: 16668636809633021122

71 mistaj the Cutter (level 4, -1/25 HPs)
             Began as a Vine Stalker Monk on Sept 4, 2021.
             Slain by Crazy Yiuf (12 damage)
             ... on level 2 of the Dungeon.
             The game lasted 00:03:09 (1715 turns).

mistaj the Cutter (Vine Stalker Monk)               Turns: 1715, Time: 00:03:10

Health: -1/25      AC:  2    Str: 13    XL:     4   Next: 24%
Magic:  0/5        EV: 13    Int: 11    God:
Gold:   48         SH:  0    Dex: 17    Spells: 3/3 levels left

rFire   . . .      SeeInvis +   a - +0 short sword
rCold   . . .      Faith    .   (no shield)
rNeg    + . .      Spirit   +   b - +0 robe
rPois   .          Reflect  .   (no helmet)
rElec   .          Harm     .   (no cloak)
rCorr   .          Rampage  .   (no gloves)
Will    .....                   (no boots)
Stlth   ++........              (no amulet)
HPRegen 1.08/turn               f - ring of see invisible
MPRegen 0.09/turn               h - ring of positive energy

@: no status effects
A: fangs 2, regeneration 1, magic shield, antimagic bite, no potion heal 2
a: no special abilities


You were on level 2 of the Dungeon.
You visited 1 branch of the dungeon, and saw 2 of its levels.

You collected 48 gold pieces.

Inventory:

Hand Weapons
 a - a +0 short sword (weapon)
Armour
 b - a +0 robe (worn)
Jewellery
 f - a ring of see invisible (left hand)
 h - a ring of positive energy (right hand)
Scrolls
 c - a scroll of magic mapping {unknown}
 d - a scroll of enchant armour {unknown}
 e - a scroll of enchant weapon {unknown}
 g - 2 scrolls of identify {unknown}
 i - a scroll of immolation {unknown}


   Skills:
 + Level 3.7 Fighting
 + Level 3.7 Short Blades
 - Level 2.4 Dodging
 - Level 2.4 Stealth


You had 3 spell levels left.
You didn't know any spells.
Your spell library contained the following spells:

 Spells                   Type           Power      Damage    Failure   Level
 Freeze                   Ice            0%         1d3       34%         1
 Dazzling Flash           Conj/Hex       0%         N/A       71%         3
 Frozen Ramparts          Ice            0%         1d2       71%         3
 Hailstorm                Conj/Ice       0%         3d3       98%         4
 Iskenderun's Mystic Bla  Conj/Tloc      0%         2d3       98%         4
 Starburst                Conj/Fire      0%         6d3       100%        6


Dungeon Overview and Level Annotations

Branches:
Dungeon (2/15)

Altars:
Wu Jian

Shops:
D:1 (

Annotations:
D:2 Crazy Yiuf


Innate Abilities, Weirdness & Mutations

You have extremely sharp teeth.
Your natural rate of healing is unusually fast.
When hurt, damage is shared between your health and your magic reserves.
Your bite disrupts and absorbs the magic of your enemies.
Potions cannot restore your health.


Message History

HP restored.
You start resting.
Magic restored.
Things that are here:
a +0 dagger; a goblin corpse; a jackal corpse
Found a stone staircase leading down.
There is a stone staircase leading down here.
Found a mace.
Found a runed translucent door.
You open the door.
Crazy Yiuf shouts!
Crazy Yiuf waves his quarterstaff at you.
Crazy Yiuf zaps a wand.
The puff of flame hits you!
Crazy Yiuf zaps a wand.
The puff of flame misses you.
Crazy Yiuf is nearby!
Crazy Yiuf zaps a wand.
The puff of flame hits you!
You hit Crazy Yiuf. You bite Crazy Yiuf. You drain his power.
You feel invigorated.
Crazy Yiuf is moderately wounded.
Crazy Yiuf hits you but does no damage.
You barely miss Crazy Yiuf. You bite Crazy Yiuf. You drain his power.
Crazy Yiuf is heavily wounded.
Crazy Yiuf hits you with a +2 quarterstaff of chaos!
Crazy Yiuf draws strength from your wounds!
You barely miss Crazy Yiuf. Your bite misses Crazy Yiuf.
Crazy Yiuf is heavily wounded.
Crazy Yiuf completely misses you.
You hit Crazy Yiuf. You bite Crazy Yiuf. You drain his power.
You feel invigorated.
Crazy Yiuf is severely wounded.
Crazy Yiuf zaps a wand.
The puff of flame hits you!
You hit Crazy Yiuf. You bite Crazy Yiuf. You drain his power.
You feel invigorated.
Crazy Yiuf is almost dead.
You hit Crazy Yiuf but do no damage.
Crazy Yiuf is almost dead.
Crazy Yiuf drinks a potion.
Crazy Yiuf is healed!
You hit Crazy Yiuf but do no damage.
Crazy Yiuf twirls on the spot.
Crazy Yiuf hits you with a +2 quarterstaff of chaos!
You die...

#)..#♣♣ ♣♣P.#.(......####
#...'g♣♣♣♣PP..........# #
#...#♣..♣........#....# # ###
♣♣♣.♣...#........# #
♣♣♣♣♣##...#....## #g........###
####### #....#....... ###.....#
#.#..#....###
#....##@####.##.#......#
##########....##.g....##......#.#
#..........................#..#.#
######..........................#
#####)...#..#.###...........
#.......#.# #..........#
#....##.#.###...........
#....##..............)##
####......#.##........#


You could see Crazy Yiuf.

Vanquished Creatures
  An adder (D:2)
  A worm (D:2)
  2 dart slugs
  3 ball pythons
  6 bats
  4 endoplasms (D:1)
  3 giant cockroaches
  5 goblins
  7 hobgoblins
  4 jackals (D:2)
  A quokka (D:2)
  2 frilled lizards (D:1)
  5 kobolds
  2 rats
46 creatures vanquished.

Notes
Turn   | Place    | Note
-------+----------+-------------------------------------------
     0 | D:1      | mistaj the Vine Stalker Monk began the quest for the Orb.
     0 | D:1      | Reached XP level 1. HP: 11/11 MP: 2/2
   322 | D:1      | Reached XP level 2. HP: 16/16 MP: 3/3
   349 | D:1      | Found Wetry's Weapon Shop.
   625 | D:1      | Found a faded altar of an unknown god.
   700 | D:1      | Reached XP level 3. HP: 15/20 MP: 2/4
  1431 | D:2      | Gained mutation: Your natural rate of healing is unusually
                  | fast. [Vine Stalker growth]
  1431 | D:2      | Reached XP level 4. HP: 18/24 MP: 3/5
  1460 | D:2      | Found an ornate altar of the Wu Jian Council.
  1680 | D:2      | Found a runed translucent door.
  1681 | D:2      | Noticed Crazy Yiuf
  1715 | D:2      | Slain by Crazy Yiuf

Illustrated notes

Levels and vault maps discovered:
D:1:      lemuel_arrival_funnel, layout_basic, serial_shops, nicolae_shop_stone,
          hellmonk_ecumenical_altar_zigzags
D:2:      layout_basic, basic_altar, uniq_crazy_yiuf_cottage

Skill      XL: |  1 |
---------------+----+-----
Fighting       | 3 |  3.7
Short Blades   | 3 |  3.7
Dodging        | |  2.4
Stealth        | |  2.4

Action                   |  1- 3 |  4- 6 || total
-------------------------+-------+-------++-------
Melee: Short sword       |    85 |    29 ||   114
       Bite              |    20 |    11 ||    31
 Stab: Sleeping          |     9 |     2 ||    11
Armor: Robe              |     9 |     5 ||    14
Dodge: Dodged            |    43 |    23 ||    66

Table legend: (Time is in decaauts)
 A = Elapsed time spent in this place.
 B = Non-inter-level travel time spent in this place.
 C = Inter-level travel time spent in this place.
 D = Time resting spent in this place.
 E = Time spent auto-exploring this place.
 F = Levels seen in this place.
 G = Mean time per level.
                   A        B        C        D        E       F      G
               +--------+--------+--------+--------+--------+-----+--------+
         Total |   1707 |   1692 |     15 |    775 |    480 |   2 |  853.5 |
       Dungeon |   1707 |   1692 |     15 |    775 |    480 |   2 |  853.5 |
               +--------+--------+--------+--------+--------+-----+--------+

Top non-repeatable levels by time:
     D:1: 953 daAuts
     D:2: 753 daAuts
